General information
- name: BNet
- type: Ladder team game (AT/RT)
- host: Battle.net
- saver: dogsandhorse.ru
map: Highperch
- players: 6
- length: 74:48
- speed: Fast
- version: 1.26 W3XP
- replay type:

» download(380 KB)
Players
team 1 (loser)

»
Elsweyr (
blue | 30 APM | 2199 actions | 74:19)
4 Mountain King
2 Storm Bolt
2 Bash
3 Paladin
2 Holy Light
1 Divine Shield
» actions
| Assign group hotkey | 5 | |
| Basic commands | 27 | |
| Build / train | 101 | |
| Enter build submenu | 63 | |
| Enter hero's abilities submenu | 7 | |
| Give item / drop item | 1 | |
| Right click | 1031 | |
| Select / deselect | 812 | |
| Select group hotkey | 11 | |
| Use ability | 141 | |
2199 total
» units
| Peasant | 20 | |
| Footman | 7 | |
| Mortar Team | 12 | |
| Dragonhawk Rider | 2 | |
| Siege Engine | 10 | |
51 total
» upgrades
| Defend | 1 | |
| Gunpowder | 3 | |
| Flare | 1 | |
| Fragmentation Shards | 1 | |
| Masonry | 2 | |
| Barrage | 1 | |
| Plating | 3 | |
| Backpack | 1 | |
13 total
» buildings
| Altar of Kings | 1 | |
| Barracks | 1 | |
| Farm | 13 | |
| Scout Tower | 26 | |
| Lumber Mill | 1 | |
| Arcane Vault | 2 | |
| Arcane Tower | 2 | |
| Keep | 1 | |
| Blacksmith | 2 | |
| Workshop | 5 | |
| Town Hall | 3 | |
| Castle | 1 | |
| Gryphon Aviary | 4 | |
| Guard Tower | 13 | |
| Arcane Sanctum | 1 | |
76 total
» build order
00:54 Altar of Kings
00:57 Barracks
01:05 Farm
01:09 Farm
01:39 Scout Tower
01:51 Lumber Mill
01:58 Arcane Vault
02:09 Farm
02:26 Arcane Tower
03:48 Keep
04:16 Farm
04:49 Farm
04:54 Blacksmith
06:39 Workshop
06:44 Workshop
08:03 Town Hall
08:16 Farm
08:20 Farm
10:06 Castle
15:34 Gryphon Aviary
15:36 Gryphon Aviary
15:39 Gryphon Aviary
15:41 Gryphon Aviary
16:01 Arcane Vault
16:04 Scout Tower
16:37 Arcane Tower
16:40 Scout Tower
16:43 Scout Tower
17:13 Guard Tower
17:17 Scout Tower
17:26 Scout Tower
17:30 Scout Tower
17:37 Scout Tower
17:40 Scout Tower
17:54 Guard Tower
18:01 Guard Tower
18:38 Guard Tower
19:31 Guard Tower
19:36 Workshop
19:44 Workshop
20:00 Scout Tower
20:01 Scout Tower
20:04 Scout Tower
20:09 Scout Tower
20:15 Scout Tower
20:36 Guard Tower
20:42 Guard Tower
20:46 Guard Tower
21:29 Town Hall
22:05 Scout Tower
22:08 Scout Tower
22:23 Scout Tower
22:25 Scout Tower
22:54 Guard Tower
22:56 Scout Tower
23:00 Scout Tower
23:14 Scout Tower
23:16 Scout Tower
23:17 Guard Tower
23:19 Scout Tower
23:22 Scout Tower
23:27 Scout Tower
23:30 Scout Tower
23:44 Guard Tower
23:50 Guard Tower
24:01 Guard Tower
24:07 Town Hall
30:06 Arcane Sanctum
36:18 Blacksmith
37:54 Workshop
38:44 Farm
38:46 Farm
40:46 Farm
40:50 Farm
44:46 Farm
44:49 Farm
» items
| Healing Salve | 1 | |
| Scroll of Speed | 1 | |
| Boots of Speed | 2 | |
| Dust of Appearance | 2 | |
| Orb of Fire | 1 | |
| Lesser Clarity Potion | 2 | |
| Staff of Teleportation | 1 | |
10 total

»
kyapoo (
pink | 41 APM | 3074 actions | 74:05)
3 Death Knight
2 Death Coil
1 Unholy Aura
2 Lich
1 Frost Nova
1 Frost Armor
2 Pit Lord
1 Rain of Fire
1 Howl of Terror
» actions
| Basic commands | 4 | |
| Build / train | 93 | |
| Enter build submenu | 40 | |
| Enter hero's abilities submenu | 7 | |
| Give item / drop item | 8 | |
| Remove unit from queue | 7 | |
| Right click | 1697 | |
| Select / deselect | 1032 | |
| Use ability | 184 | |
3074 total
» units
| Acolyte | 14 | |
| Ghoul | 3 | |
| Crypt Fiend | 9 | |
| Frost Wyrm | 3 | |
| Gargoyle | 1 | |
30 total
» upgrades
| Web | 1 | |
| Creature Attack | 1 | |
| Freezing Breath | 1 | |
| Burrow | 1 | |
| Backpack | 1 | |
| Stone Form | 1 | |
6 total
» buildings
| Graveyard | 1 | |
| Crypt | 2 | |
| Altar of Darkness | 1 | |
| Ziggurat | 30 | |
| Tomb of Relics | 1 | |
| Nerubian Tower | 5 | |
| Halls of the Dead | 1 | |
| Sacrificial Pit | 1 | |
| Black Citadel | 1 | |
| Boneyard | 2 | |
| Spirit Tower | 11 | |
56 total
» build order
00:08 Graveyard
00:19 Crypt
00:42 Altar of Darkness
00:51 Ziggurat
01:01 Tomb of Relics
01:14 Crypt
01:27 Ziggurat
01:54 Nerubian Tower
03:48 Halls of the Dead
03:54 Ziggurat
03:58 Ziggurat
06:40 Sacrificial Pit
06:42 Black Citadel
08:10 Ziggurat
08:15 Ziggurat
09:03 Boneyard
09:08 Boneyard
10:52 Ziggurat
11:00 Ziggurat
11:48 Ziggurat
13:21 Ziggurat
13:37 Ziggurat
13:41 Ziggurat
13:44 Ziggurat
13:58 Nerubian Tower
16:01 Ziggurat
16:03 Ziggurat
16:06 Ziggurat
16:09 Ziggurat
16:13 Ziggurat
16:16 Ziggurat
16:21 Ziggurat
16:24 Ziggurat
16:27 Ziggurat
16:31 Ziggurat
16:35 Ziggurat
16:59 Nerubian Tower
17:04 Spirit Tower
17:15 Spirit Tower
17:17 Spirit Tower
17:57 Spirit Tower
18:42 Ziggurat
18:45 Ziggurat
18:47 Ziggurat
18:54 Ziggurat
19:01 Ziggurat
19:04 Ziggurat
19:10 Spirit Tower
19:49 Spirit Tower
20:03 Spirit Tower
20:10 Spirit Tower
20:23 Spirit Tower
20:40 Spirit Tower
20:43 Nerubian Tower
20:55 Spirit Tower
20:57 Nerubian Tower
27:47 Spirit Tower
» items
| Rod of Necromancy | 1 | |
| Dust of Appearance | 5 | |
| Potion of Healing | 1 | |
| Scroll of Town Portal | 2 | |
| Potion of Lesser Invulnerability | 4 | |
| Sacrificial Skull | 2 | |
| Boots of Speed | 2 | |
| Periapt of Vitality | 1 | |
| Lesser Clarity Potion | 1 | |
| Scroll of Regeneration | 2 | |
| Staff of Teleportation | 3 | |
24 total

»
TitusbrocK (
green | 24 APM | 1807 actions | 74:14)
4 Blademaster
2 Wind Walk
2 Critical Strike
» actions
| Basic commands | 10 | |
| Build / train | 38 | |
| Enter build submenu | 20 | |
| Enter hero's abilities submenu | 4 | |
| Remove unit from queue | 3 | |
| Right click | 1344 | |
| Select / deselect | 330 | |
| Use ability | 58 | |
1807 total
» units
» upgrades
» buildings
| Altar of Storms | 1 | |
| Orc Burrow | 7 | |
| Voodoo Lounge | 2 | |
| War Mill | 1 | |
| Watch Tower | 3 | |
| Stronghold | 1 | |
| Fortress | 1 | |
| Beastiary | 2 | |
18 total
» build order
00:09 Altar of Storms
00:12 Orc Burrow
01:24 Voodoo Lounge
01:30 Voodoo Lounge
02:17 War Mill
04:00 Watch Tower
04:23 Watch Tower
04:33 Watch Tower
05:24 Orc Burrow
06:42 Stronghold
10:47 Fortress
13:44 Orc Burrow
17:08 Beastiary
18:04 Orc Burrow
18:24 Beastiary
19:39 Orc Burrow
19:45 Orc Burrow
20:36 Orc Burrow
» items
| Healing Salve | 2 | |
| Potion of Mana | 3 | |
| Orb of Lightning | 1 | |
| Dust of Appearance | 1 | |
7 total
team 2 (winner)
dogsandhorse.ru (
orange | 55 APM | 4084 actions | 74:48)
4 Archmage
2 Blizzard
2 Brilliance Aura
4 Blood Mage
2 Flame Strike
1 Banish
1 Siphon Mana
» actions
| Assign group hotkey | 12 | |
| Basic commands | 53 | |
| Build / train | 154 | |
| Enter build submenu | 116 | |
| Enter hero's abilities submenu | 9 | |
| Give item / drop item | 3 | |
| Right click | 2241 | |
| Select / deselect | 796 | |
| Select group hotkey | 418 | |
| Use ability | 280 | |
4084 total
» units
| Peasant | 14 | |
| Dragonhawk Rider | 18 | |
| Priest | 1 | |
| Sorceress | 1 | |
34 total
» upgrades
| Masonry | 3 | |
| Magic Sentry | 1 | |
| Sorceress Training | 2 | |
| Priest Training | 2 | |
| Cloud | 1 | |
| Swords | 3 | |
| Armor | 3 | |
| Animal War Training | 1 | |
16 total
» buildings
| Altar of Kings | 1 | |
| Farm | 14 | |
| Scout Tower | 106 | |
| Lumber Mill | 1 | |
| Arcane Tower | 14 | |
| Guard Tower | 53 | |
| Keep | 3 | |
| Arcane Sanctum | 1 | |
| Castle | 1 | |
| Town Hall | 1 | |
| Gryphon Aviary | 3 | |
| Arcane Vault | 1 | |
| Blacksmith | 1 | |
| Barracks | 1 | |
201 total
» build order
00:19 Altar of Kings
00:33 Farm
00:40 Scout Tower
00:50 Lumber Mill
01:10 Arcane Tower
01:10 Arcane Tower
01:12 Scout Tower
01:19 Farm
01:41 Scout Tower
01:45 Scout Tower
02:02 Guard Tower
02:17 Guard Tower
02:17 Guard Tower
02:30 Guard Tower
02:30 Guard Tower
02:30 Guard Tower
02:30 Guard Tower
02:39 Scout Tower
02:40 Scout Tower
03:10 Guard Tower
03:11 Guard Tower
03:11 Guard Tower
03:13 Scout Tower
03:14 Scout Tower
03:39 Scout Tower
03:40 Guard Tower
03:41 Guard Tower
03:41 Guard Tower
03:41 Guard Tower
03:42 Guard Tower
03:43 Guard Tower
03:43 Guard Tower
03:47 Scout Tower
03:50 Scout Tower
03:55 Scout Tower
03:58 Scout Tower
04:16 Arcane Tower
04:37 Scout Tower
04:37 Scout Tower
04:48 Guard Tower
04:50 Guard Tower
04:51 Scout Tower
04:52 Scout Tower
04:52 Scout Tower
04:53 Scout Tower
04:54 Scout Tower
05:22 Guard Tower
05:23 Scout Tower
05:24 Scout Tower
05:46 Arcane Tower
05:56 Scout Tower
05:59 Guard Tower
06:13 Scout Tower
06:15 Scout Tower
06:18 Guard Tower
06:23 Scout Tower
06:36 Guard Tower
07:03 Arcane Tower
07:17 Keep
07:17 Keep
07:39 Guard Tower
08:31 Arcane Tower
09:06 Scout Tower
09:07 Scout Tower
09:07 Scout Tower
09:40 Arcane Tower
09:43 Arcane Sanctum
10:15 Scout Tower
10:16 Scout Tower
10:17 Scout Tower
10:34 Guard Tower
10:34 Guard Tower
10:35 Guard Tower
10:35 Guard Tower
10:38 Scout Tower
10:44 Arcane Tower
10:44 Arcane Tower
11:09 Farm
11:10 Guard Tower
11:11 Farm
11:12 Farm
11:20 Scout Tower
11:21 Scout Tower
11:23 Castle
11:31 Town Hall
11:37 Scout Tower
11:38 Scout Tower
11:39 Scout Tower
11:41 Scout Tower
11:45 Gryphon Aviary
11:47 Gryphon Aviary
12:55 Guard Tower
13:37 Arcane Tower
13:38 Guard Tower
13:41 Guard Tower
13:58 Scout Tower
13:59 Scout Tower
14:00 Scout Tower
14:38 Arcane Tower
14:38 Guard Tower
14:54 Gryphon Aviary
14:58 Guard Tower
15:01 Scout Tower
15:48 Scout Tower
15:49 Scout Tower
15:50 Scout Tower
15:51 Scout Tower
15:52 Scout Tower
15:53 Scout Tower
15:55 Scout Tower
15:56 Scout Tower
15:57 Guard Tower
16:01 Scout Tower
16:02 Scout Tower
16:03 Scout Tower
16:04 Scout Tower
16:18 Scout Tower
16:33 Arcane Vault
16:51 Scout Tower
16:52 Scout Tower
16:53 Scout Tower
17:53 Guard Tower
18:51 Blacksmith
18:54 Guard Tower
19:02 Scout Tower
19:03 Scout Tower
19:10 Guard Tower
19:31 Guard Tower
20:11 Guard Tower
20:13 Scout Tower
20:14 Scout Tower
20:15 Scout Tower
20:22 Guard Tower
20:22 Scout Tower
20:23 Scout Tower
20:28 Scout Tower
20:28 Scout Tower
22:00 Guard Tower
22:08 Guard Tower
22:09 Guard Tower
25:21 Farm
25:22 Farm
25:22 Farm
25:23 Farm
25:23 Farm
25:24 Farm
25:25 Farm
25:25 Farm
25:26 Farm
28:28 Guard Tower
34:59 Barracks
35:37 Scout Tower
35:39 Scout Tower
35:39 Scout Tower
35:42 Scout Tower
35:43 Scout Tower
35:45 Scout Tower
36:08 Scout Tower
36:10 Scout Tower
36:10 Scout Tower
36:14 Scout Tower
36:15 Scout Tower
36:19 Scout Tower
36:19 Scout Tower
37:01 Scout Tower
37:03 Scout Tower
37:05 Scout Tower
37:06 Guard Tower
37:08 Scout Tower
37:09 Scout Tower
37:12 Guard Tower
37:16 Scout Tower
37:17 Scout Tower
37:57 Guard Tower
38:01 Scout Tower
38:05 Scout Tower
38:07 Scout Tower
38:12 Guard Tower
38:19 Scout Tower
38:20 Scout Tower
38:26 Scout Tower
38:26 Scout Tower
39:20 Guard Tower
39:22 Scout Tower
39:23 Scout Tower
39:31 Scout Tower
39:32 Scout Tower
39:47 Scout Tower
39:48 Scout Tower
40:21 Guard Tower
40:25 Scout Tower
40:26 Scout Tower
40:30 Scout Tower
41:43 Scout Tower
41:49 Guard Tower
41:58 Scout Tower
42:15 Arcane Tower
43:24 Arcane Tower
» items
| Boots of Speed | 1 | |
| Staff of Teleportation | 2 | |
| Healing Salve | 3 | |
| Lesser Clarity Potion | 1 | |
| Scroll of Town Portal | 2 | |
| Staff of Sanctuary | 1 | |
| Mechanical Critter | 3 | |
13 total
NUTSONYOCHIN.de (
red | 68 APM | 5052 actions | 74:20)
6 Blademaster
2 Wind Walk
3 Critical Strike
1 Bladestorm
» actions
| Assign group hotkey | 26 | |
| Basic commands | 58 | |
| Build / train | 84 | |
| ESC pressed | 4 | |
| Enter build submenu | 57 | |
| Enter hero's abilities submenu | 6 | |
| Give item / drop item | 12 | |
| Remove unit from queue | 1 | |
| Right click | 3464 | |
| Select / deselect | 397 | |
| Select group hotkey | 655 | |
| Use ability | 278 | |
5052 total
» units
| Peon | 10 | |
| Troll Batrider | 18 | |
| Raider | 3 | |
| Kodo Beast | 2 | |
| Wind Rider | 6 | |
| Shaman | 3 | |
| Troll Witch Doctor | 2 | |
| Spirit Walker | 3 | |
47 total
» upgrades
| Spiked Barricades | 1 | |
| Reinforced Defenses | 2 | |
| Ranged Weapons | 3 | |
| Liquid Fire | 1 | |
| Ensnare | 1 | |
| War Drums Damage Increase | 1 | |
| Shaman Training | 2 | |
| Witch Doctor Training | 2 | |
| Spirit Walker Training | 2 | |
| Envenomed Spears | 1 | |
| Armor | 3 | |
| Melee Weapons | 0 | |
19 total
» buildings
| Orc Burrow | 11 | |
| War Mill | 2 | |
| Altar of Storms | 1 | |
| Watch Tower | 34 | |
| Voodoo Lounge | 2 | |
| Stronghold | 2 | |
| Beastiary | 3 | |
| Fortress | 1 | |
| Spirit Lodge | 1 | |
57 total
» build order
00:13 Orc Burrow
00:17 War Mill
00:21 War Mill
00:37 Altar of Storms
00:43 Orc Burrow
01:34 Watch Tower
01:45 Watch Tower
02:05 Orc Burrow
02:20 Watch Tower
02:25 Voodoo Lounge
02:33 Watch Tower
03:00 Stronghold
03:26 Watch Tower
03:29 Watch Tower
03:53 Watch Tower
04:33 Watch Tower
04:54 Watch Tower
04:55 Watch Tower
05:40 Watch Tower
05:43 Beastiary
05:44 Beastiary
05:51 Fortress
05:59 Watch Tower
06:00 Watch Tower
06:44 Watch Tower
07:05 Watch Tower
07:06 Watch Tower
07:23 Orc Burrow
07:24 Orc Burrow
07:27 Voodoo Lounge
07:53 Watch Tower
08:17 Watch Tower
08:17 Watch Tower
09:00 Watch Tower
09:41 Watch Tower
09:42 Watch Tower
10:03 Orc Burrow
10:14 Watch Tower
10:47 Watch Tower
10:47 Watch Tower
11:23 Watch Tower
11:52 Watch Tower
11:53 Watch Tower
13:13 Watch Tower
13:14 Watch Tower
13:19 Watch Tower
15:07 Watch Tower
15:07 Watch Tower
15:10 Watch Tower
19:49 Spirit Lodge
19:51 Beastiary
30:10 Orc Burrow
30:12 Orc Burrow
30:13 Orc Burrow
30:16 Orc Burrow
30:17 Orc Burrow
» items
| Lesser Clarity Potion | 1 | |
| Healing Salve | 1 | |
| Boots of Speed | 1 | |
| Staff of Teleportation | 2 | |
| Orb of Lightning | 1 | |
| Scroll of Town Portal | 1 | |
7 total
TwoPoundAPear (
purple | 61 APM | 4544 actions | 74:20)
4 Warden
2 Shadow Strike
2 Blink
» actions
| Assign group hotkey | 542 | |
| Basic commands | 31 | |
| Build / train | 106 | |
| ESC pressed | 3 | |
| Enter build submenu | 22 | |
| Enter hero's abilities submenu | 4 | |
| Give item / drop item | 4 | |
| Remove unit from queue | 10 | |
| Right click | 2335 | |
| Select / deselect | 508 | |
| Select group hotkey | 680 | |
| Use ability | 298 | |
4544 total
» units
| Wisp | 33 | |
| Druid of the Talon | 14 | |
| Faerie Dragon | 1 | |
48 total
» upgrades
| Strength of the Wild | 3 | |
| Nature's Blessing | 1 | |
| Druid of the Talon Training | 2 | |
| Well Spring | 1 | |
| Mark of the Talon | 1 | |
| Reinforced Hides | 3 | |
11 total
» buildings
| Altar of Elders | 1 | |
| Moon Well | 9 | |
| Tree of Ages | 3 | |
| Hunter's Hall | 1 | |
| Tree of Life | 1 | |
| Ancient of Wind | 3 | |
| Tree of Eternity | 2 | |
| Ancient of Wonders | 2 | |
22 total
» build order
00:01 Altar of Elders
00:03 Moon Well
01:37 Moon Well
03:48 Tree of Ages
03:48 Tree of Ages
05:13 Hunter's Hall
05:56 Moon Well
05:57 Moon Well
05:58 Moon Well
06:01 Moon Well
06:40 Tree of Life
06:52 Moon Well
07:48 Ancient of Wind
08:09 Moon Well
08:13 Moon Well
08:54 Tree of Eternity
09:17 Ancient of Wonders
09:55 Ancient of Wonders
16:40 Ancient of Wind
36:53 Ancient of Wind
» items
| Staff of Preservation | 1 | |
| Orb of Venom | 1 | |
| Boots of Speed | 1 | |
| Circlet of Nobility | 1 | |
| Scroll of Town Portal | 4 | |
| Potion of Healing | 1 | |
| Staff of Teleportation | 1 | |
| Tiny Great Hall | 1 | |
| Ivory Tower | 4 | |
15 total
Chat log
(12:51 / All) dogsandhorse.ru: lol
(12:52 / All) dogsandhorse.ru: green
(15:30 / All) dogsandhorse.ru: pizza
(15:35 / All) dogsandhorse.ru: piozza
(15:36 / All) dogsandhorse.ru: fan
(15:39 / All) dogsandhorse.ru: 1749
(15:41 / All) TwoPoundAPear: 19797
(19:21 / All) dogsandhorse.ru: pink
(19:23 / All) dogsandhorse.ru: are you an idiot
(22:10 / All) dogsandhorse.ru: pit.....lard
(27:18 / All) dogsandhorse.ru: lmao
(27:20 / All) dogsandhorse.ru: *snag*
(27:27 / All) TwoPoundAPear: LOL LIB B BASED GOD.. SNAG.. SNAG
(29:25 / All) dogsandhorse.ru: we out of gold....
(29:27 / All) dogsandhorse.ru: sory
(29:30 / All) TwoPoundAPear: g.g...
(29:41 / All) kyapoo: bye
(29:49 / All) kyapoo: go eat pizza
(37:18 / All) dogsandhorse.ru: gg
(37:31 / All) TwoPoundAPear: u played a good game. but u played a fair game. ~*~ gg ~*~
(41:24 / All) dogsandhorse.ru: tanks for the memories
(41:26 / All) dogsandhorse.ru: literally
(41:30 / All) dogsandhorse.ru: man
(41:37 / All) dogsandhorse.ru: we got nothing to kill tanks scotty U idiot
(42:22 / All) dogsandhorse.ru: welcome.....to hiperch
(42:34 / All) NUTSONYOCHIN.de: welcome to highperch(6).w3x
(42:35 / All) TwoPoundAPear: *giggles mischivesiously*
(42:56 / All) dogsandhorse.ru: no mana...no manner
(49:56 / All) TwoPoundAPear: u found my base. his name is darryl
(50:03 / All) dogsandhorse.ru: "la, la"
(54:46 / All) dogsandhorse.ru: flare rhymea with care.....you seem to have a lot of both in this game
(54:52 / All) TwoPoundAPear: kyapoo: go eat pizza
(55:00 / All) dogsandhorse.ru: 1 sec gonna put food on
(55:01 / All) kyapoo: no it's pasta tonight guy
(55:03 / All) kyapoo: so from
(55:10 / All) dogsandhorse.ru: what's fake
(56:50 / All) TwoPoundAPear: So, how are u going to get you're self out of this one? >:)
(57:04 / All) Elsweyr: do nothing
(57:07 / All) Elsweyr: just wait
(57:15 / All) TwoPoundAPear: Do you think you can wait longer than us ...?
(57:17 / All) TitusbrocK: Pasta
(57:22 / All) Elsweyr: maybe, in one or two years you will leave :D
(57:26 / All) TitusbrocK: Yes :)
(57:26 / All) kyapoo: we have food
(57:29 / All) dogsandhorse.ru: longest game i ever play, 19 hours
(57:31 / All) kyapoo: and bitches
(57:31 / All) Elsweyr: Oh, i don't think
(57:33 / All) Elsweyr: I am sure
(57:34 / All) dogsandhorse.ru: .......i won
(57:38 / All) TitusbrocK: Not bad
(57:40 / All) TwoPoundAPear: that's not a joke he has proof
(57:43 / All) TwoPoundAPear: you guys got 19 ?
(57:47 / All) Elsweyr: I just reduce the windows
(57:52 / All) Elsweyr: and do other thing
(57:53 / All) TwoPoundAPear: how about you reduce your fat
(57:56 / All) TwoPoundAPear: sorry that was rude.
(58:00 / All) Elsweyr: no
(58:00 / All) dogsandhorse.ru: http://highper.ch/p/lengthreport.png
(58:06 / All) Elsweyr: I have a very good computer
(58:09 / All) dogsandhorse.ru: really
(58:12 / All) dogsandhorse.ru: probably not as good as mine
(58:18 / All) dogsandhorse.ru: i like talking about how good my computer is though
(58:21 / All) Elsweyr: I can do a lot of other thing ^^
(58:29 / All) dogsandhorse.ru: tell me about your french computer
(58:45 / All) Elsweyr: It's not a french computer my friend
(58:48 / All) dogsandhorse.ru: belgian
(58:51 / All) TwoPoundAPear: do you play the game Street Fighter 3: 3rd Strike? or as they call it in France "trois trois"
(59:14 / All) kyapoo: street fighter ?
(59:21 / All) TwoPoundAPear: yes.
(59:21 / All) kyapoo: no
(59:23 / All) TwoPoundAPear: oh.
(59:26 / All) dogsandhorse.ru: do you play the game warcraft 3: the frozen throne, or as they call it in france: "warcrafte 3: un petit peux du Tower"
(59:27 / All) kyapoo: there is W3
(59:42 / All) kyapoo: hahaha
(60:03 / All) TwoPoundAPear: j'aime les tours par'ce que ils sont fantastique
(60:15 / All) TitusbrocK: \o/
(60:22 / All) kyapoo: that's suck guys
(60:24 / All) kyapoo: really
(60:33 / All) kyapoo: we're wasting time just for duty -_-
(60:51 / All) dogsandhorse.ru: call of duty 3: un petit peux du Warfare
(60:55 / All) TwoPoundAPear: and i'm sure you feel the same.
(61:02 / All) TwoPoundAPear: so we must wait. until we discover who REALLY won this game
(61:10 / All) TwoPoundAPear: (hint: it is us)
(61:17 / All) dogsandhorse.ru: blue
(61:21 / All) dogsandhorse.ru: i noticed something Funny
(61:26 / All) dogsandhorse.ru: you have five (5) workshop
(64:17 / All) kyapoo: hahahaha
(64:22 / All) kyapoo: it was infiltration
(64:42 / All) kyapoo: it's a spy game
(65:19 / All) TwoPoundAPear: we lost nothin how bout u
(65:26 / All) kyapoo: nothing
(65:30 / All) kyapoo: that was illusion
(65:32 / All) dogsandhorse.ru: you are funny
(65:36 / All) dogsandhorse.ru: mon frere
(65:42 / All) kyapoo: yeah bro
(65:47 / All) TwoPoundAPear: perhaps.. if the situation were different... we could be friends
(65:52 / All) dogsandhorse.ru: stockholm friends
(74:16 / All) dogsandhorse.ru: bye
(74:24 / All) dogsandhorse.ru: thanks all for watching
(74:44 / All) dogsandhorse.ru: http://highper.ch/ for more tower replays in the year of our lord: 2012 may he return soon goodnite i love you